 Dungeon Sprint DCSS version 0.19-a0-1889-g9c603be (webtiles) character file.

39 poirepourri the Sneak (level 3, -4/16 HPs)
             Began as a Spriggan Enchanter on Oct 17, 2016.
             Slain by a water elemental (10 damage)
             ... in the Dungeon (Sprint III: "The Ten Rune Challenge").
             The game lasted 00:01:44 (210 turns).

poirepourri the Sneak (Spriggan Enchanter)           Turns: 210, Time: 00:01:44

Health: -4/16      AC:  3    Str:  4    XL:     3   Next: 26%
Magic:  9/9        EV: 19    Int: 16    God:
Gold:   29         SH:  0    Dex: 17    Spells: 4 memorised, 1 level left

rFire  . . .     SeeInvis +     a - +1 dagger
rCold  . . .     Gourm    .     b - +1 robe
rNeg   . . .     Faith    .     (shield restricted)
rPois  .         Spirit   .     (helmet restricted)
rElec  .         Reflect  .     (no cloak)
rCorr  .         Harm     .     (gloves unavailable)
MR     .....     NoTele   +     (boots unavailable)
Stlth  ++++......               (no amulet)
                                (no ring)
                                (no ring)

@: engulfed (cannot breathe), very quick
A: unfitting armour, see invisible, herbivore 3, speed 3, slow metabolism 2
a: no special abilities


You were in the Dungeon.
You were not hungry.

You visited 1 branch You collected 29 gold pieces.

Inventory:

Hand Weapons
 a - a +1 dagger (weapon)
Armour
 b - a +1 robe (worn)
Scrolls
 j - a scroll of blinking
 k - 3 scrolls of identify
 m - 2 scrolls of holy word {unknown}
 n - a scroll of enchant weapon {unknown}
 o - a scroll of immolation {unknown}
 r - a scroll of fear {unknown}
Potions
 e - a potion of curing
 g - a potion of haste
 h - a potion of magic
 l - 2 potions of mutation {unknown}
 q - 2 potions of cure mutation {unknown}
 t - a potion of flight {unknown}
Books
 c - a book of Maledictions

   Spells                             Type                      Level
   a - Corona                         Hexes                        1
   b - Ensorcelled Hibernation        Hexes/Ice                    2
   c - Confuse                        Hexes                        3
   d - Tukima's Dance                 Hexes                        3
   e - Dazzling Spray                 Conjuration/Hexes            3
Comestibles
 d - a bread ration
 p - a royal jelly
 s - 4 fruits


   Skills:
 + Level 0.1 Fighting
 + Level 1.2 Short Blades
 + Level 4.3 Dodging
 + Level 7.0 Stealth
 + Level 4.0 Spellcasting
 + Level 6.1 Hexes
 + Level 0.2 Ice Magic


You had one spell level left.
You knew the following spells:

 Your Spells              Type           Power        Failure   Level  Hunger
a - Corona                Hex            ###....      1%          1    None
b - Ensorcelled Hibernat  Hex/Ice        ##....       10%         2    ##.....
c - Confuse               Hex            ###.....     4%          3    ###....
d - Tukima's Dance        Hex            ###.....     4%          3    ###....


Dungeon Overview and Level Annotations

Branches:
Dungeon (1/1)

Altars:


Innate Abilities, Weirdness & Mutations

You are very small and have problems with some larger weapons.
You are too small for most types of armour.
You have supernaturally acute eyesight. (SInv)
You are a herbivore.
You cover ground extremely quickly.
You need consume almost no food.


Message History

There is an open door here.
You open the door.
A water elemental comes into view.
There is an open door to the Ecumenical Temple here.
The helpless water elemental fails to defend itself.
You impale the water elemental!!
The water elemental is almost destroyed.
The water elemental hits you.
The water elemental engulfs you in water!
Unknown command.
You hit the water elemental but do no damage.
The water elemental is almost destroyed.
Your lungs strain for air!
The water elemental closely misses you.
You barely miss the water elemental.
The water elemental is almost destroyed.
Your lungs strain for air!
The water elemental hits you!
Ouch! That really hurt!
You die...

▓▓▓▓▓▓▓▓▓▓ ▓▓▓
#..'...♣.♣ ♣.#
#..#.....♣♣ ♣♣.#
####....♣.♣ ..#
.†.#....≈♣ ♣♣♣.###+#+###
...#...≈≈♣♣♣...#........
.†[#..≈≈≈≈.♣♣♣.'.⌠......
##'#..≈≈≈≈≈≈♣..#@..####
...#.≈≈≈≈≈≈....#.E.#
.†.#.≈≈≈≈≈.....#...#
...#.≈≈≈.......#+###
####...........#
...............#
▓▓▓▓▓▓▓▓▓▓▓▓▓▓▓▓


You could see a water elemental.

Vanquished Creatures
  A human (D)
  A wolf (D)
  An ooze (D)
  3 rats (D)
6 creatures vanquished.

Vanquished Creatures (others)
  4 hellions (D)
4 creatures vanquished.

Grand Total: 10 creatures vanquished

Notes
Turn   | Place    | Note
-------+----------+-------------------------------------------
     0 | D        | poirepourri the Spriggan Enchanter began the quest for the Orb.
     0 | D        | Reached XP level 1. HP: 9/9 MP: 5/5
     5 | D        | Reached skill level 5 in Stealth
    35 | D        | Noticed a wolf
    42 | D        | Killed a wolf
    42 | D        | Reached skill level 6 in Stealth
    42 | D        | Reached skill level 5 in Hexes
    42 | D        | Reached XP level 2. HP: 13/13 MP: 5/7
    53 | D        | Learned a level 2 spell: Ensorcelled Hibernation
   115 | D        | Reached skill level 7 in Stealth
   115 | D        | Reached XP level 3. HP: 16/16 MP: 0/9
   134 | D        | Killed a hellion
   151 | D        | Killed a hellion
   153 | D        | Learned a level 3 spell: Confuse
   157 | D        | Learned a level 3 spell: Tukima's Dance
   200 | D        | Killed a hellion
   204 | D        | Killed a hellion
   205 | D        | Noticed a water elemental
   210 | D        | Slain by a water elemental

Vault maps used:
D:        dungeon_sprint_mu

Skill      XL: |  1  2 |
---------------+-------+-----
Stealth        | 6 7 |  7.0
Spellcasting   | 3 4 |  4.0
Hexes          | 5 6 |  6.1
Dodging        | 4 |  4.3
Fighting       | |  0.1
Short Blades   | |  1.2
Ice Magic      | |  0.2

Action                   || total
-------------------------++-------
Melee: Dagger            ||    12
 Cast: Ensorcelled Hiber ||     5
  Use: Scroll            ||     1
       Potion            ||     4
 Stab: Sleeping          ||     5
Dodge: Dodged            ||    10
